 Dungeon Crawl Stone Soup version 0.20-a0-1063-gb8e8b7e (webtiles) character file.

3366 Deemzul the Covert (level 10, -4/102 HPs)
             Began as an Octopode Berserker on Apr 28, 2017.
             Was an Elder of Trog.
             Slain by a hornet (13 damage)
             ... on level 8 of the Dungeon.
             The game lasted 00:08:57 (7504 turns).

Deemzul the Covert (Octopode Berserker)             Turns: 7504, Time: 00:08:58

Health: -4/102     AC:  2    Str: 21    XL:     10   Next: 3%
Magic:  0/10       EV: 12    Int: 15    God:    Trog [****..]
Gold:   455        SH: 14    Dex: 15    Spells: 9/9 levels left

rFire    + . .     SeeInvis .   F - +0 scimitar
rCold    x . .     Gourm    .   B - +0 large shield
rNeg     . . .     Faith    .   (helmet restricted)
rPois    .         Spirit   +   x - amulet of guardian spirit
rElec    .         Reflect  .   p - +1 ring of protection
rCorr    .         Harm     .   A - ring of fire
MR       ++...                  (no ring)
Stlth    ..........             (no ring)
Regen    1.3/turn               (no ring)
MPRegen  0.2/turn               (no ring)
                                (no ring)
                                (no ring)

@: mighty, brilliant, berserking (expiring), lethally poisoned (-4 -> -4),
starving, regenerating, hasted and slowed
A: almost no armour, stealthy swim, amphibious, 8 rings, constrict 8, camouflage
1, gelatinous body 1
a: Berserk, Trog's Hand, Brothers in Arms, Burn Spellbooks, Renounce Religion


You were on level 8 of the Dungeon.
You worshipped Trog.
Trog was greatly pleased with you.
You were starving.

You visited 2 branches of the dungeon, and saw 9 of its levels.

You collected 455 gold pieces.

Inventory:

Hand Weapons
 D - a +1 dagger of electrocution
 E - a +0 trident of venom
 F - a +0 scimitar (weapon)
Armour
 B - a +0 large shield (worn)
Jewellery
 p - a +1 ring of protection (left tentacle)
 u - a +3 amulet of reflection
 x - an amulet of guardian spirit (around mantle)
 A - a ring of fire (right tentacle)
Wands
 a - a wand of iceblast (9/15)
 m - a wand of lightning (15/15)
Scrolls
 c - 3 scrolls of remove curse
 e - 7 scrolls of identify
 g - a scroll of fear
 h - 2 scrolls of amnesia
 j - a scroll of recharging
 k - a scroll of enchant armour {unknown}
 l - 5 scrolls of teleportation
 q - a scroll of magic mapping
 t - a scroll of enchant weapon
 w - 4 scrolls of immolation
 y - 3 scrolls of noise
Potions
 d - 3 potions of lignification {unknown}
 f - a potion of cancellation {unknown}
 n - 2 potions of curing {unknown}
 o - a potion of might
 z - a potion of haste
 H - a potion of mutation {unknown}
Books
 r - a book of Changes

   Spells                             Type                      Level
   a - Beastly Appendage              Transmutation                1
   b - Sticks to Snakes               Transmutation                2
   c - Spider Form                    Transmutation/Poison         3
   d - Ice Form                       Ice/Transmutation            4
   e - Blade Hands                    Transmutation                5
   Trog disapproves of the use of such an item.
 v - a book of Callings

   Spells                             Type                      Level
   a - Summon Small Mammal            Summoning                    1
   b - Call Imp                       Summoning                    2
   c - Call Canine Familiar           Summoning                    3
   d - Summon Guardian Golem          Hexes/Summoning              3
   e - Summon Lightning Spire         Summoning/Air                4
   f - Summon Ice Beast               Ice/Summoning                4
   Trog disapproves of the use of such an item.
 G - a book of Necromancy

   Spells                             Type                      Level
   a - Pain                           Necromancy                   1
   b - Animate Skeleton               Necromancy                   1
   c - Vampiric Draining              Necromancy                   3
   d - Regeneration                   Charms/Necromancy            3
   e - Animate Dead                   Necromancy                   4
   f - Control Undead                 Necromancy                   4
   Trog disapproves of the use of such an item.
 I - a book of Callings

   Spells                             Type                      Level
   a - Summon Small Mammal            Summoning                    1
   b - Call Imp                       Summoning                    2
   c - Call Canine Familiar           Summoning                    3
   d - Summon Guardian Golem          Hexes/Summoning              3
   e - Summon Lightning Spire         Summoning/Air                4
   f - Summon Ice Beast               Ice/Summoning                4
   Trog disapproves of the use of such an item.
Comestibles
 b - 3 bread rations
 i - 2 meat rations
 C - 2 royal jellies


   Skills:
 + Level 6.1 Fighting
 * Level 8.1 Long Blades
 + Level 5.9 Dodging
 * Level 11.1 Stealth
 + Level 3.8 Shields


You had 9 spell levels left.
You didn't know any spells.

Dungeon Overview and Level Annotations

Branches:
Dungeon (8/15)             Temple (1/1) D:7
   Lair: D:8-11

Altars:
Ashenzari
Cheibriados
Dithmenos
Elyvilon
Fedhas
Gozag
Hepliaklqana
Kikubaaqudgha
Makhleb
Nemelex Xobeh
Okawaru
Qazlal
Ru
Sif Muna
Trog
Uskayaw
Vehumet
Wu Jian
Xom
Yredelemnul
Zin
The Shining One

Shops:
D:7 [


Innate Abilities, Weirdness & Mutations

You cannot wear most types of armour.
You are very stealthy in the water. (Stealth+)
You are amphibious.
You can wear up to eight rings at the same time.
You can use your tentacles to constrict eight enemies at once.
Your skin changes colour to match your surroundings (Stealth+).
Your rubbery body absorbs attacks. (AC +1, EV +1)


Message History

You lose your grip on the hornet.
You feel yourself speed up.
You feel sick. The hornet stings you.
* * * LOW HITPOINT WARNING * * *
You feel yourself slow down. 2 killer bees come into view.
You feel sick.
The killer bee buzzes angrily.
The hornet stings you!
* * * LOW HITPOINT WARNING * * *
You feel as though you will be slow longer.
The hornet stings you!
* * * LOW HITPOINT WARNING * * *
You feel as though you will be slow longer.
You can move again.
Your shield prevents you from hitting the hornet.
Your grab misses the hornet. Your squeeze misses the hornet.
The hornet is heavily wounded.
You feel sick. The hornet stings you!
You die...

#.y.....# #.......#.. #
#.y.....# #.........# #.
#.......# #.......#..
#.#######.....## #.......###
#...).(..#...## #.#######
###....(y########## #.#....#
#...............# #......#
#####.....(..yy####.####.....#
...(y......###yy@............#
############
#######..........# #
########.##......... #####
#........##.......## (^^^##
#........##..####...
.##^.##### #...........## ###
.##^^....# #...........#
.^§^.....####.........###
..^≈≈..(.....>..........


You could see a hornet and 4 killer bees.

Vanquished Creatures
  Joseph (D:7)
  Grinder (D:3)
  A hungry ghost (D:8)
  A water moccasin (D:7)
  An orc warrior (D:6)
  2 ogres (D:5)
  2 phantoms
  A black bear (D:6)
  An ice beast (D:8)
  4 centaurs
  6 bullfrogs
  A scorpion (D:4)
  3 killer bees (D:8)
  A vampire bat (D:5)
  3 howler monkeys
  A bullfrog zombie (D:6)
  A centaur zombie (D:7)
  A crimson imp (D:8)
  4 hounds
  2 centaur skeletons
  2 jellies
  2 bullfrog skeletons (D:6)
  2 orc priests (D:6)
  Terence (D:3)
  4 orc wizards
  2 hound skeletons (D:7)
  A worker ant zombie (D:5)
  6 gnolls
  5 adders
  A shadow imp (D:6)
  An adder zombie (D:7)
  An ooze (D:6)
  2 adder skeletons
  4 worms
  3 dart slugs
  3 fire bats (D:5)
  3 leopard geckos
  19 orcs
  2 spectral bats (D:5)
  16 bats
  3 bat skeletons (D:5)
  A bat zombie (D:5)
  3 giant cockroaches
  11 goblins
  7 hobgoblins
  10 jackals
  10 kobolds
  4 quokkas
  A bat simulacrum (D:5)
  3 frilled lizards
  A giant cockroach zombie (D:5)
  A jackal skeleton (D:4)
  A quokka skeleton (D:5)
  4 rats
  A plant (D:1)
179 creatures vanquished.

Notes
Turn   | Place    | Note
-------+----------+-------------------------------------------
     0 | D:1      | Deemzul the Octopode Berserker began the quest for the Orb.
     0 | D:1      | Reached XP level 1. HP: 16/16 MP: 1/1
   146 | D:1      | Reached skill level 1 in Stealth
   158 | D:1      | Reached XP level 2. HP: 20/21 MP: 2/2
   308 | D:1      | Reached skill level 2 in Stealth
   470 | D:1      | Reached XP level 3. HP: 23/26 MP: 3/3
   935 | D:2      | Reached ** piety under Trog
  1267 | D:2      | Reached XP level 4. HP: 28/31 MP: 4/4
  1374 | D:2      | Found a bloodstained altar of Trog.
  1385 | D:2      | Reached skill level 3 in Stealth
  1710 | D:3      | Noticed Grinder
  1721 | D:3      | Killed Grinder
  1721 | D:3      | Reached skill level 4 in Stealth
  1721 | D:3      | Reached XP level 5. HP: 34/37 MP: 5/5
  1721 | D:3      | Reached XP level 6. HP: 40/43 MP: 6/6
  1862 | D:3      | Found an opulent altar of Gozag.
  1872 | D:3      | Reached skill level 5 in Stealth
  2024 | D:3      | Noticed Terence
  2030 | D:3      | Killed Terence
  2400 | D:3      | Found an ornate altar of the Wu Jian Council.
  2854 | D:4      | Found a glowing golden altar of the Shining One.
  2919 | D:4      | Found a bloodstained altar of Trog.
  2921 | D:4      | Found an ancient bone altar of Kikubaaqudgha.
  2921 | D:4      | Found a burning altar of Makhleb.
  2922 | D:4      | Found a shadowy altar of Dithmenos.
  3036 | D:4      | Reached skill level 5 in Long Blades
  3036 | D:4      | Reached XP level 7. HP: 48/48 MP: 7/7
  3432 | D:5      | Entered Level 5 of the Dungeon
  3503 | D:5      | Reached skill level 6 in Stealth
  3506 | D:5      | Reached *** piety under Trog
  3591 | D:5      | Found a hazy altar of Hepliaklqana.
  3693 | D:5      | Found a blossoming altar of Fedhas.
  3858 | D:5      | Found a sparkling altar of Nemelex Xobeh.
  3928 | D:5      | Reached skill level 7 in Stealth
  4180 | D:5      | Reached XP level 8. HP: 51/54 MP: 8/8
  4252 | D:5      | Found an iron altar of Okawaru.
  4653 | D:6      | Reached skill level 8 in Stealth
  4681 | D:6      | Reached skill level 1 in Shields
  4855 | D:6      | Reached **** piety under Trog
  5138 | D:6      | Reached skill level 5 in Fighting
  5210 | D:6      | Reached skill level 5 in Dodging
  5316 | D:6      | Reached skill level 9 in Stealth
  5316 | D:6      | Reached XP level 9. HP: 49/61 MP: 7/9
  5788 | D:6      | Found a sacrificial altar of Ru.
  6345 | D:7      | Found Mowajec's Armour Shop.
  6382 | D:7      | Found a radiant altar of Vehumet.
  6438 | D:7      | Found a staircase to the Ecumenical Temple.
  6463 | Temple   | Entered the Ecumenical Temple
  6911 | D:7      | Reached skill level 10 in Stealth
  7002 | D:7      | Noticed Joseph
  7134 | D:7      | Killed Joseph
  7383 | D:8      | Found a stormy altar of Qazlal.
  7478 | D:8      | Noticed a hornet
  7495 | D:8      | Reached skill level 11 in Stealth
  7495 | D:8      | Reached XP level 10. HP: 35/68 MP: 7/10
  7501 | D:8      | Paralysed by a hornet for 3 turns
  7504 | D:8      | Slain by a hornet

Vault maps used:
D:1:      dpeg_arrival_stonehenge_12_columns, serial_forest,
          infiniplex_forest_clump_curved, infiniplex_forest_straight_2,
          infiniplex_forest_end_2, infiniplex_forest_lined_corner,
          infiniplex_forest_corner_2
D:2:      hex_large, trog_hazing_becter
D:3:      nicolae_gozag_seed_capital, marbit_many_paths, minivault_19,
          uniq_terence, uniq_grinder
D:4:      old_standard_altar, grunt_temple_overflow_open, first_bread
D:5:      lemuel_round_altar, okawaru_altar_gauntlet_db, nemelex_altar_shiori,
          basic_altar, goddamned_bats
D:6:      black_bear_nest_1, nicolae_ru_path_of_blood,
          cheibrodos_sewer_entry_bend
D:7:      old_standard_altar, minmay_temple_entry_junction_2, serial_shops,
          shop, corexii_corridor_pit, uniq_joseph
D:8:      grunt_qazlal_sundering, nicolae_ossuary_entry_plus,
          minmay_crystal_room, david_nohive_1, uniq_grum
Temple:   nicolae_temple_figure_zero

Skill      XL: |  1  2  3  4  5  6  7  8  9 |
---------------+----------------------------+-----
Stealth        | 1 2 4 5 7 9 11 | 11.1
Long Blades    | 4 5 6 8 |  8.1
Fighting       | 4 5 6 |  6.1
Dodging        | 4 5 |  5.9
Shields        | 2 3 |  3.8

Action                   |  1- 3 |  4- 6 |  7- 9 | 10-12 || total
-------------------------+-------+-------+-------+-------++-------
Melee: Falchion          |    96 |    62 |   204 |       ||   362
       Constrict         |    18 |    22 |    76 |     1 ||   117
       Tentacles         |    23 |    16 |    78 |     2 ||   119
       Scimitar          |       |       |    92 |     6 ||    98
Invok: Berserk           |       |     2 |     5 |     1 ||     8
       Trog's Hand       |       |       |     4 |       ||     4
  Use: Scroll            |       |       |    10 |       ||    10
       Potion            |       |       |     3 |       ||     3
 Stab: Sleeping          |     6 |     6 |    24 |       ||    36
  Eat: Chunk             |     1 |     5 |    20 |       ||    26
       Royal jelly       |       |     1 |     1 |       ||     2
       Fruit             |       |       |     2 |       ||     2
Armor: Skin              |     5 |     6 |    25 |       ||    36
Dodge: Dodged            |    41 |    46 |   164 |     2 ||   253
Block: Other             |       |     4 |       |       ||     4
       Large shield      |       |       |   128 |     4 ||   132
       Rpst.: Falchion   |    13 |    16 |    37 |       ||    66
       Scimitar          |       |       |     7 |     2 ||     9
